Map: Dreamcatcher LE

Players

TYTY (TY) - Winner!

  • Race: Terran Terran
  • Spawn Location: 5:00

Lambo

  • Race: Zerg Zerg
  • Spawn Location: 11:00

Event: 2018 WCS Global Finals

VOD

Have the link to the VOD?

Description

Time

  • Played on: Oct. 28, 2018, 12:05 p.m.
  • Length: 10:14

All games in this series

Show
View Real Time Build Order
Export as new Build Order

TYTY Terran - Winner!

Build Orders: Liberator Opening, Reaper Expand 

Get SALT Encoding   

  12  0:00  SCV  
  13  0:12  SCV  
  14  0:17  Supply Depot  
  14  0:24  SCV  
  15  0:38  SCV  
  15  0:39  Barracks  
  16  0:44  Refinery  
  16  0:50  SCV  
  17  1:02  SCV  
  18  1:15  SCV  
  19  1:27  Reaper  
  19  1:28  Orbital Command  
  20  1:39  Command Center  
  20  1:48  Supply Depot  
  20  1:54  SCV  
  21  1:59  Marine  
  22  2:04  Factory  
  22  2:07  SCV  
  23  2:10  Refinery  
  23  2:19  SCV  
  23  2:22  Barracks Reactor  
  24  2:31  SCV  
  25  2:43  SCV  
  26  2:51  Starport, Orbital Command  
  26  2:55  SCV  
  27  3:02  Hellion x2  
  27  3:04  Barracks Tech Lab  
  31  3:07  SCV  
  32  3:13  Liberator  
  32  3:18  SCV  
  32  3:19  SCV  
  34  3:22  Marine  
  34  3:23  Hellion  
  34  3:24  Hellion  
  39  3:27  Supply Depot  
  39  3:31  SCV  
  44  3:34  SCV  
  44  3:44  SCV  
  44  3:46  SCV  
  46  3:51  Marauder, Cyclone  
  46  3:54  Bunker  
  53  4:03  Cyclone  
  53  4:16  SCV x2  
  52  4:28  SCV x2  
  52  4:31  Stimpack  
  54  4:35  Supply Depot  
  54  4:36  Supply Depot  
  52  4:40  SCV x2  
  54  4:49  Factory Tech Lab  
  54  4:52  Marine, Command Center, SCV  
  54  4:56  SCV  
  55  5:04  SCV  
  52  5:10  Siege Tank  
  52  5:11  SCV  
  56  5:16  SCV  
  56  5:17  Starport Reactor  
  56  5:20  Marine, Barracks  
  58  5:21  Barracks  
  58  5:23  SCV  
  59  5:28  SCV  
  59  5:29  Supply Depot  
  60  5:35  SCV  
  60  5:38  Marine  
  60  5:41  SCV  
  60  5:42  Siege Tank  
  66  5:47  SCV, Engineering Bay x2  
  67  5:53  SCV  
  67  5:56  Marine  
  69  5:58  Refinery  
  69  6:00  Starport Reactor, SCV  
  69  6:01  Refinery  
  70  6:05  Orbital Command, SCV  
  70  6:09  Marine x2  
  73  6:12  SCV  
  73  6:14  Marine  
  73  6:16  Terran Infantry Armor Level 1, Terran Infantry Weapons Level 1  
  73  6:17  SCV  
  76  6:20  Marine  
  76  6:22  Marine  
  76  6:24  Orbital Command, SCV  
  79  6:27  Marine x2  
  79  6:28  Supply Depot  
  79  6:29  SCV  
  86  6:34  Marine  
  86  6:38  Marine, Medivac  
  86  6:39  Medivac, SCV  
  89  6:40  Marine  
  89  6:41  SCV  
  89  6:45  Marine x2  
  93  6:51  SCV  
  93  6:52  Supply Depot  
  93  6:53  Supply Depot, SCV  
  95  6:55  Marine, SCV, Supply Depot  
  95  6:57  Marine  
  98  7:03  SCV  
  98  7:05  SCV  
  98  7:07  SCV  
  101  7:12  Marine  
  101  7:14  Marine, Medivac, Siege Tank  
  107  7:17  Combat Shield, Supply Depot  
  107  7:18  Supply Depot  
  107  7:21  Marine x2  
  107  7:24  SCV  
  108  7:31  Marine, Medivac  
  108  7:35  Marauder, Marine  
  108  7:36  Barracks  
  114  7:37  Barracks, SCV x2  
  114  7:39  Marine  
  114  7:41  Marine  
  114  7:43  SCV  
  119  7:49  Marine, SCV  
  120  7:53  Marine  
  120  7:56  Marine x2  
  120  7:57  Liberator x2, Supply Depot  
  123  7:59  Marine, Armory  
  123  8:00  SCV x2  
  123  8:04  Siege Tank  
  129  8:07  Marine  
  129  8:11  Marine  
  123  8:14  Marine  
  114  8:24  SCV  
  114  8:26  SCV  
  111  8:28  Marine x3  
  111  8:30  Barracks Reactor x2  
  111  8:32  Marine  
  117  8:34  Marauder, SCV  
  117  8:36  SCV, Siege Tank  
  117  8:38  Refinery  
  117  8:39  Refinery  
  122  8:44  Missile Turret  
  122  8:46  Marine x2  
  126  8:49  Marine  
  126  8:50  Marine  
  126  8:52  Supply Depot  
  126  8:56  Factory  
  126  9:08  Siege Tank  
  126  9:10  Marauder, Marine x8  
  132  9:28  Marine x4, Medivac x2  
  132  9:31  Barracks, SCV x2  
  142  9:32  Barracks  
  142  9:33  SCV  
  126  9:43  SCV x2  
  126  9:45  SCV  
  110  9:52  Marauder  
Show
View Real Time Build Order
Export as new Build Order

Lambo Zerg 

Build Orders: Hatch First 

Get SALT Encoding   

  12  0:00  Drone  
  13  0:12  Overlord  
  13  0:16  Drone  
  14  0:32  Drone x2  
  16  0:48  Hatchery  
  15  0:51  Drone  
  15  0:54  Drone  
  17  0:58  Drone  
  18  1:08  Extractor  
  17  1:13  Spawning Pool  
  17  1:16  Drone  
  17  1:20  Drone  
  18  1:28  Drone  
  19  1:39  Drone  
  20  1:49  Drone  
  21  1:59  Queen x2  
  21  2:00  Zergling x4  
  27  2:14  Hatchery  
  26  2:16  Drone  
  27  2:27  Spore Crawler  
  27  2:29  Roach Warren  
  25  2:32  Drone  
  25  2:34  Overlord  
  27  2:40  Drone  
  28  2:45  Overlord  
  28  3:02  Drone  
  29  3:12  Roach x6  
  41  3:16  Overlord  
  41  3:17  Drone  
  42  3:26  Drone x2  
  44  3:31  Drone x2  
  46  3:35  Drone  
  46  3:40  Drone x2  
  50  3:41  Drone x2  
  50  3:44  Drone  
  50  3:47  Drone x2  
  54  3:52  Drone  
  54  3:55  Queen  
  55  3:59  Drone  
  58  4:04  Overlord  
  58  4:16  Drone x4  
  56  4:21  Overlord  
  56  4:22  Queen  
  54  4:25  Roach x4  
  54  4:31  Extractor, Queen  
  58  4:35  Drone x3  
  58  4:38  Overlord  
  62  4:40  Extractor  
  62  4:43  Roach x2  
  65  4:47  Ravager, Drone  
  65  4:51  Drone  
  68  4:53  Overlord  
  68  4:55  Roach  
  68  4:56  Drone  
  71  5:00  Roach  
  71  5:04  Drone x3  
  74  5:07  Drone x3  
  74  5:11  Drone x2  
  72  5:17  Drone  
  73  5:22  Drone x2  
  73  5:27  Lair  
  75  5:28  Drone  
  75  5:31  Drone  
  75  5:34  Drone  
  78  5:39  Evolution Chamber x2  
  78  5:40  Drone x2  
  78  5:42  Drone x2  
  80  5:45  Drone x2  
  80  5:47  Spore Crawler  
  80  5:48  Drone  
  80  5:49  Overlord x2  
  82  5:52  Extractor  
  82  5:53  Overlord, Extractor  
  80  6:04  Overlord  
  80  6:07  Overlord, Zerg Ground Armor Level 1, Zerg Missile Weapons Level 1  
  80  6:11  Drone x3  
  80  6:13  Drone x2  
  80  6:15  Drone x4  
  80  6:18  Drone x2  
  91  6:19  Drone, Extractor  
  91  6:20  Drone  
  91  6:25  Roach x2  
  96  6:26  Ravager  
  96  6:29  Glial Reconstitution  
  97  6:33  Roach x3  
  97  6:38  Overseer  
  103  6:43  Roach x5  
  103  6:46  Overlord  
  113  6:50  Overlord  
  113  6:51  Overlord x2  
  113  6:54  Overlord  
  113  6:57  Overlord  
  113  7:00  Overlord  
  113  7:03  Overlord  
  113  7:04  Ravager x2  
  113  7:05  Overlord  
  113  7:07  Roach x2  
  119  7:09  Roach  
  119  7:14  Roach x4  
  129  7:17  Roach  
  129  7:20  Roach x2  
  137  7:23  Ravager x2  
  137  7:28  Roach x4  
  145  7:32  Roach x3  
  145  7:35  Roach x2  
  155  7:41  Roach x3  
  159  7:45  Roach  
  159  7:46  Roach  
  163  7:52  Roach x3  
  163  7:56  Roach  
  165  8:00  Ravager x2  
  165  8:02  Roach  
  171  8:05  Roach  
  171  8:06  Roach  
  153  8:16  Roach x4  
  153  8:17  Roach  
  122  8:22  Roach x2  
  122  8:26  Roach  
  117  8:30  Roach x2  
  117  8:33  Roach x2  
  125  8:38  Roach x2  
  125  8:40  Roach  
  131  8:43  Roach x2  
  131  8:47  Ravager  
  136  8:48  Roach  
  140  8:55  Roach x2  
  140  8:56  Roach x2  
  140  8:59  Roach x2  
  148  9:06  Roach x3  
  148  9:11  Roach x3  
  148  9:15  Ravager  
  148  9:16  Roach x2  
  157  9:18  Roach  
  159  9:24  Ravager  
  159  9:26  Roach  
  162  9:36  Roach x3  
  162  9:38  Roach x5  
  148  9:40  Roach  
  148  9:43  Roach  
  148  9:44  Roach  
  132  9:49  Roach, Ravager  
  132  9:52  Roach x2  
  139  9:54  Roach  
Tags
 
Add a new tag
Caveats
  • Supply blocks, unpowered buildings, or Contaminate may cause inaccurate times.
  • Supply counts are checked every 10 seconds.